 Dungeon Crawl Stone Soup version 0.19-a0-1920-g83281cb (webtiles) character file.

51 varam the Ruffian (level 3, 0/36 HPs)
             Began as a Troll Monk on Oct 23, 2016.
             Slain by a goblin
             ... wielding a +0 club
             ... led by Robin
              (6 damage)
             ... on level 2 of the Dungeon.
             The game lasted 00:01:25 (608 turns).

varam the Ruffian (Troll Monk)                       Turns: 608, Time: 00:01:25

Health: 0/36       AC:  5    Str: 19    XL:     3   Next: 57%
Magic:  2/2        EV: 10    Int:  6    God:
Gold:   46         SH:  0    Dex: 13    Spells: 0 memorised, 2 levels left

rFire  . . .     SeeInvis .       - Unarmed
rCold  . . .     Gourm    +     a - +0 robe
rNeg   . . .     Faith    .     (no shield)
rPois  .         Spirit   .     (helmet restricted)
rElec  .         Reflect  .     (no cloak)
rCorr  .         Harm     .     (gloves unavailable)
MR     .....                    (boots unavailable)
Stlth  ++........               (no amulet)
                                (no ring)
                                (no ring)

@: no status effects
A: unfitting armour, claws 3, fast metabolism 3, gourmand, regeneration 1,
shaggy fur 1, tough skin 2
a: no special abilities


You were on level 2 of the Dungeon.
You were completely stuffed.

You visited 1 branch of the dungeon, and saw 2 of its levels.

You collected 46 gold pieces.

Inventory:

Armour
 a - a +0 robe (worn)
Scrolls
 c - a scroll of fog {unknown}
 d - a scroll of teleportation {unknown}
 h - 2 scrolls of identify {unknown}
 j - a scroll of blinking {unknown}
 n - a scroll of random uselessness {unknown}
Potions
 e - a potion of degeneration {unknown}
 g - a potion of lignification {unknown}
 k - a potion of might {unknown}
 l - a potion of heal wounds {unknown}
 m - a potion of flight {unknown}
Comestibles
 b - 2 bread rations
 f - a meat ration
 i - 6 chunks of flesh


   Skills:
 - Level 2.4 Fighting
 - Level 2.4 Dodging
 - Level 1.0 Stealth
 + Level 4.6 Unarmed Combat


You had 2 spell levels left.
You didn't know any spells.

Dungeon Overview and Level Annotations

Branches:
Dungeon (2/15)

Altars:


Innate Abilities, Weirdness & Mutations

You are too large for most types of armour.
You have claws for hands.
Your metabolism is lightning-fast.
You like to eat raw meat.
Your natural rate of healing is unusually fast.
You are covered in fur. (AC +1)
You have very tough skin. (AC +2)


Message History

You kill Robin!
The goblin closely misses you. The goblin hits you but does no damage.
The goblin barely misses you.
You scratch the goblin.
The goblin is severely wounded.
The goblin closely misses you. The goblin hits you but does no damage.
The goblin barely misses you.
You barely miss the goblin.
The goblin is heavily wounded.
The goblin no longer looks unusually strong. x2
The hobgoblin no longer looks unusually strong.
The goblin closely misses you. The goblin hits you with a club.
* * * LOW HITPOINT WARNING * * *
The goblin barely misses you.
You completely miss the goblin.
The goblin is heavily wounded.
The goblin no longer looks unusually strong. x2
The goblin barely misses you. The goblin closely misses you.
The goblin hits you with a club.
You die...

####.###.# ## .....#
#.# .. .##..###<# .#
.##......##### ###.####
.##.##.......###.......
....)..........)...#
..#.#........###.#.#
.............# #g#
..#.#........# #@#
...............gggg#
#.............###ggg..
##..).###.###.# gw.##.#
####.# #.# ...# ..# #
..## .### ..# ## ...


You could see a worm, a hobgoblin and 8 goblins.

Vanquished Creatures
  Robin (D:2)
  3 dart slugs (D:1)
  8 bats (D:1)
  2 giant cockroaches
  4 goblins
  4 hobgoblins
  A ball python (D:1)
  A frilled lizard (D:1)
  4 kobolds (D:1)
  6 rats (D:1)
34 creatures vanquished.

Notes
Turn   | Place    | Note
-------+----------+-------------------------------------------
     0 | D:1      | varam the Troll Monk began the quest for the Orb.
     0 | D:1      | Reached XP level 1. HP: 22/22 MP: 0/0
    84 | D:1      | Reached XP level 2. HP: 29/29 MP: 1/1
   288 | D:1      | Reached skill level 4 in Unarmed Combat
   365 | D:1      | Reached XP level 3. HP: 34/36 MP: 2/2
   591 | D:2      | Noticed Robin
   605 | D:2      | Killed Robin
   608 | D:2      | Slain by a goblin

Vault maps used:
D:1:      minmay_arrival_checkered_box, serial_bayou_pond_b
D:2:      lemuel_round_altar, nicolae_overflow_hidden_temple,
          makhleb_heckhound_becter, lemuel_crystal_altar, uniq_robin

Skill      XL: |  1  2 |
---------------+-------+-----
Unarmed Combat | 4 |  4.6
Fighting       | |  2.4
Dodging        | |  2.4
Stealth        | |  1.0

Action                   || total
-------------------------++-------
Melee: Unarmed           ||    87
 Stab: Sleeping          ||     1
  Eat: Chunk             ||    11
Armor: Robe              ||    38
Dodge: Dodged            ||    64
